 Dungeon Crawl Stone Soup version 0.29.1-1-gd02db6906a (webtiles) character file.

Game seed: 11921429800936525857

154 raistware the Conjurer (level 5, 0/31 HPs)
             Began as an Octopode Conjurer on Sept 20, 2022.
             Constricted to death by Natasha (4 damage)
             ... on level 2 of the Dungeon.
             The game lasted 00:05:45 (3151 turns).

raistware the Conjurer (Octopode Conjurer)          Turns: 3151, Time: 00:05:45

Health: 0/31       AC:  1    Str:  6    XL:     5   Next: 35%
Magic:  11/11      EV: 10    Int: 26    God:
Gold:   193        SH:  0    Dex: 10    Spells: 4/12 levels left

rFire   . . .      SeeInvis .   m - +5 mace "Cothrog" {vorpal, Int+3}
rCold   . . .      Faith    .   (no shield)
rNeg    . . .      Spirit   .   (helmet restricted)
rPois   .          Reflect  .   (no amulet)
rElec   .          Harm     .   (no ring)
rCorr   .          Rampage  .   (no ring)
Will    .....                   (no ring)
Stlth   +++.......              (no ring)
HPRegen 0.10/turn               (no ring)
MPRegen 0.12/turn               (no ring)
                                (no ring)
                                (no ring)

@: grasped by roots, very slightly contaminated, constricted
A: almost no armour, amphibious, 8 rings, camouflage 1, gelatinous body 1,
(nimble swimmer 1), tentacles
a: no special abilities


You were on level 2 of the Dungeon.
You visited 1 branch of the dungeon, and saw 3 of its levels.

You collected 193 gold pieces.

Inventory:

Hand Weapons
 m - the +5 mace "Cothrog" (weapon) {vorpal, Int+3}
   (You found it on level 2 of the Dungeon)

   It inflicts extra damage upon your enemies.
   Int:       It affects your intelligence (+3).
Jewellery
 b - a ring of magical power
 c - a ring of see invisible
 g - a ring of ice
Scrolls
 d - 2 scrolls of fear {unknown}
 e - a scroll of brand weapon {unknown}
 f - 6 scrolls of identify {unknown}
 j - 2 scrolls of enchant weapon {unknown}
 n - a scroll of acquirement {unknown}
 o - a scroll of teleportation {unknown}
Potions
 h - 2 potions of brilliance {unknown}
 i - a potion of heal wounds {unknown}
 k - a potion of flight {unknown}
 l - a potion of degeneration {unknown}


   Skills:
 - Level 2.0 Dodging
 - Level 2.6 Stealth
 + Level 4.1 Spellcasting
 + Level 4.2 Conjurations
 - Level 2.0 Translocations
 + Level 1.0 Earth Magic


You had 4 spell levels left.
You knew the following spells:

 Your Spells              Type           Power      Damage    Failure   Level
a - Magic Dart            Conj           100%       1d8       1%          1
b - Iskenderun's Mystic   Conj/Tloc      21%        2d6       24%         4
c - Stone Arrow           Conj/Erth      38%        3d9       9%          3

Your spell library contained the following spells:

 Spells                   Type           Power      Damage    Failure   Level
 Searing Ray              Conj           54%        2d6       2%          2
 Foxfire                  Conj/Fire      64%        2x1d7     3%          1
 Sandblast                Erth           22%        2d7       5%          1
 Passwall                 Tmut/Erth      6%         N/A       11%         2
 Dazzling Flash           Conj/Hex       32%        N/A       11%         3
 Fulminant Prism          Conj/Hex       8%         3d7       34%         4


Dungeon Overview and Level Annotations

Branches:
Dungeon (3/15)

Altars:
Makhleb

Shops:
D:1 ?

Annotations:
D:2 Natasha


Innate Abilities, Weirdness & Mutations

You cannot wear most types of armour.
You are amphibious.
You can wear up to eight rings at the same time.
Your skin changes colour to match your surroundings (Stealth+).
Your rubbery body absorbs attacks. (AC +1, EV +1)
((You are camouflaged when in or above water. (Stealth+)))
You have tentacles for arms and can constrict up to eight enemies at once.


Message History

Unknown command.
You start resting.
Magic restored.
Items here: ) [ ††.
You see here a dart slug corpse.
Things that are here:
a +0 whip; 6 poisoned darts; a kobold corpse
Things that are here:
a +0 whip; 6 poisoned darts; a kobold corpse
There is a stone staircase leading up here.
You climb upwards.
There is a stone staircase leading down here.
Things that are here:
5 stones; a +0 short sword Natasha, Servant of Life and Death comes into view.
She is carrying a wand of roots (14).
Natasha claws you!
You hit Natasha. Your grab misses Natasha.
Natasha is moderately wounded.
Natasha claws you.
* * * LOW HITPOINT WARNING * * *
Casting: Magic Dart (safe; 1% risk of failure)
Confirm with . or Enter, or press ? or * to list all spells.
The spell is extremely dangerous to miscast (24% risk of failure)!
Continue anyway?
You erupt in a blast of force!
The mystic blast hits Natasha.
Natasha is heavily wounded.
Natasha is knocked back by the mystic blast.
Casting: Iskenderun's Mystic Blast (extremely dangerous; 24% risk of failure)
Confirm with . or Enter, or press ? or * to list all spells.
The spell is extremely dangerous to miscast (24% risk of failure)!
Continue anyway?
You miscast Iskenderun's Mystic Blast.
You are very lightly contaminated with residual magic.
Nothing appears to happen.
Natasha zaps a wand.
The roots erupt in riotous growth!
The grasping roots grab you! The grasping roots constrict you.
* * * LOW HITPOINT WARNING * * *
You aren't carrying any items that you can evoke.
Unknown command.
Magic courses through your body. The grasping roots constrict you.
You die...

.#.#.#..##.......# #.#
(#.#.#..##.......# #.#
........##.......# #.#
###..#####.......# #.#
#...# ######### #.#
##.##
#############.#### #.#
#......##...#....# #.#
#.#....##...####.#
#.####.#......@....##.#
#.............h....##.#
######.####...........#
#.####.##...######
#......##...#
#############


You could see Natasha.

Vanquished Creatures
  Crazy Yiuf (D:2)
  Natasha (twice) (D:2)
  Robin (D:1)
  2 worms (D:2)
  2 dart slugs
  An orc (D:3)
  An endoplasm (D:2)
  4 giant cockroaches
  11 goblins
  4 hobgoblins
  3 jackals (D:2)
  2 ball pythons
  3 bats
  A frilled lizard (D:2)
  10 kobolds
  5 rats
53 creatures vanquished.

Vanquished Creatures (others)
  4 fungi (D:2)
4 creatures vanquished.

Grand Total: 57 creatures vanquished

Notes
Turn   | Place    | Note
-------+----------+-------------------------------------------
     0 | D:1      | raistware the Octopode Conjurer began the quest for the
                  | Orb.
     0 | D:1      | Reached XP level 1. HP: 11/11 MP: 3/3
    79 | D:1      | Found Yser's Magic Scroll Emporium.
   473 | D:1      | Found a faded altar of an unknown god.
   483 | D:1      | Got Plato's Treatise on Battle Magic
   676 | D:2      | Reached XP level 2. HP: 14/17 MP: 0/5
  1163 | D:2      | Noticed Robin
  1184 | D:1      | Killed Robin
  1185 | D:1      | Reached XP level 3. HP: 9/21 MP: 1/7
  1346 | D:2      | Found a burning altar of Makhleb.
  1691 | D:2      | Identified the +5 mace "Cothrog" {vorpal, Int+3}
  1958 | D:2      | Noticed Natasha
  1962 | D:2      | Killed Natasha
  1963 | D:2      | Reached skill level 1 in Translocations
  1963 | D:2      | Reached XP level 4. HP: 20/27 MP: 5/10
  2245 | D:2      | Found a runed translucent door.
  2246 | D:2      | Noticed Crazy Yiuf
  2254 | D:2      | Learned a level 4 spell: Iskenderun's Mystic Blast
  2258 | D:2      | Learned a level 3 spell: Stone Arrow
  2262 | D:2      | Killed Crazy Yiuf
  2734 | D:2      | Noticed Natasha
  2738 | D:2      | Killed Natasha
  2739 | D:2      | Reached XP level 5. HP: 31/31 MP: 6/11
  3032 | D:3      | Reached skill level 1 in Earth Magic
  3144 | D:2      | Noticed Natasha
  3151 | D:2      | Constricted to death by Natasha

Illustrated notes

Levels and vault maps discovered:
D:1:      saegor_arrival_simple_a, layout_loops_cross, serial_shops, shop,
          shapermc_ecumenical_altar_rom_forum
D:2:      minmay_kobold_bridge, layout_loops_cross, basic_altar,
          uniq_crazy_yiuf_cottage, uniq_robin, uniq_natasha
D:3:      layout_rooms, minmay_ruptured

Skill      XL: |  1  2  3  4  5 |
---------------+----------------+-----
Spellcasting   | 3 4 |  4.1
Translocations | 1 2 |  2.0
Earth Magic    | 1 |  1.0
Dodging        | |  2.0
Stealth        | |  2.6
Conjurations   | |  4.2

Action                   |  1- 3 |  4- 6 || total
-------------------------+-------+-------++-------
Melee: Unarmed           |    21 |       ||    21
       Tentacles         |     8 |     1 ||     9
       Constrict         |     8 |     1 ||     9
       Mace              |       |     7 ||     7
 Cast: Magic Dart        |    69 |    29 ||    98
       Iskenderun's Myst |       |     2 ||     2
  Use: Potion            |       |     1 ||     1
 Stab: Sleeping          |     1 |       ||     1
Armor: Skin              |     4 |       ||     4
Dodge: Dodged            |    31 |     7 ||    38
